 Dungeon Crawl Stone Soup version 0.24-a0-57-gac335f2 (webtiles) character file.

Game seed: 8682340358930777853

144 galech the Skirmisher (level 5, 41/41 HPs)
             Began as a Demonspawn Fighter on Feb 4, 2019.
             Quit the game on level 3 of the Dungeon.
             The game lasted 00:01:54 (1726 turns).

galech the Skirmisher (Demonspawn Fighter)          Turns: 1726, Time: 00:01:55

Health: 41/41      AC:  6    Str: 16    XL:     5   Next: 5%
Magic:  5/5        EV:  7    Int: 10    God:
Gold:   120        SH:  9    Dex: 13    Spells: 4/4 levels left

rFire    . . .     SeeInvis .   a - +0 war axe
rCold    . . .     Gourm    .   c - +0 shield
rNeg     . . .     Faith    .   b - +0 scale mail
rPois    .         Spirit   +   (helmet restricted)
rElec    .         Reflect  .   (no cloak)
rCorr    .         Harm     .   (no gloves)
MR       .....                  (no boots)
Stlth    ..........             o - amulet of guardian spirit
HPRegen  0.13/turn              (no ring)
MPRegen  0.09/turn              (no ring)

@: no status effects
A: claws 1, horns 1, powered by pain 1
a: no special abilities


You were on level 3 of the Dungeon.
You were not hungry.

You visited 1 branch of the dungeon, and saw 3 of its levels.

You collected 120 gold pieces.

Inventory:

Hand Weapons
 a - a +0 war axe (weapon)
Armour
 b - a +0 scale mail (worn)
 c - a +0 shield (worn)
Jewellery
 o - an amulet of guardian spirit (around neck)
Wands
 r - a wand of scattershot (5)
Scrolls
 h - 2 scrolls of amnesia {unknown}
 i - 2 scrolls of remove curse {unknown}
 j - a scroll of teleportation {unknown}
 k - 2 scrolls of identify {unknown}
 m - a scroll of enchant weapon {unknown}
 q - a scroll of magic mapping {unknown}
Potions
 d - a potion of might
 e - a potion of curing {unknown}
 l - a potion of degeneration {unknown}
 n - 2 potions of agility {unknown}
 p - a potion of mutation {unknown}
 s - a potion of berserk rage {unknown}
Comestibles
 f - 4 rations
 g - 6 chunks of flesh


   Skills:
 + Level 3.4 Fighting
 + Level 3.1 Axes
 + Level 3.2 Armour
 + Level 1.6 Dodging
 + Level 3.2 Shields


You had 4 spell levels left.
You didn't know any spells.
Your spell library was empty.

Dungeon Overview and Level Annotations

Branches:
Dungeon (3/15)

Altars:


Innate Abilities, Weirdness & Mutations

You have sharp fingernails.
You have a pair of small horns on your head.
You sometimes gain a little power by taking damage.


Message History

No target in view!
No target in view!
No target in view!
No target in view!
No target in view!
No target in view!
No target in view!
An adder comes into view.
The adder hisses angrily.
You slash the adder!
You kill the adder!
You have reached level 5!
Your demonic ancestry asserts itself...
A pair of horns grows on your head!
You see here an adder corpse.
You butcher the adder corpse.
g - 6 chunks of flesh (gained 1)
You see here an adder skeleton.
Found a short sword.
Are you sure you want to abandon this character and quit the game? (Confirm with "yes".)

.# ## .# #.. )# .#
#.# !# .####.# .#
....#.# .# .##.#.#
.# .##.#.# .#
......###########.#
###.........รท...@.#
#################


There were no monsters in sight!

Vanquished Creatures
  Jessica (D:2)
  5 adders
  An ooze (D:2)
  2 worms (D:2)
  2 leopard geckos
  3 giant cockroaches
  4 goblins (D:2)
  6 hobgoblins
  6 jackals (D:2)
  A ball python (D:1)
  8 bats
  9 frilled lizards
  7 kobolds
  10 rats
65 creatures vanquished.

Notes
Turn   | Place    | Note
-------+----------+-------------------------------------------
     0 | D:1      | galech the Demonspawn Fighter began the quest for the Orb.
     0 | D:1      | Reached XP level 1. HP: 18/18 MP: 1/1
   201 | D:1      | Gained mutation: You have sharp fingernails. [demonic
                  | ancestry]
   201 | D:1      | Reached XP level 2. HP: 22/24 MP: 2/2
   544 | D:2      | Reached XP level 3. HP: 25/29 MP: 3/3
   922 | D:2      | Gained mutation: You sometimes gain a little power by
                  | taking damage. [demonic ancestry]
   922 | D:2      | Reached XP level 4. HP: 29/35 MP: 2/4
   940 | D:2      | Noticed Jessica
   945 | D:2      | Killed Jessica
   945 | D:2      | Reached skill level 1 in Dodging
  1718 | D:3      | Gained mutation: You have a pair of small horns on your
                  | head. [demonic ancestry]
  1718 | D:3      | Reached XP level 5. HP: 41/41 MP: 5/5
  1726 | D:3      | Quit the game

Vault maps used:
D:1:      psy_arrival_dodecagon
D:2:      minmay_thinvault, chequers_arboretum, kennysheep_generic_room_3,
          uniq_jessica
D:3:      uniq_ijyb, uniq_crazy_yiuf_cottage

Skill      XL: |  1  2  3  4 |
---------------+-------------+-----
Axes           | 2 3 |  3.1
Shields        | 3 |  3.2
Armour         | 3 |  3.2
Dodging        | 1 |  1.6
Fighting       | |  3.4

Action                   |  1- 3 |  4- 6 || total
-------------------------+-------+-------++-------
Melee: War axe           |   123 |    86 ||   209
  Eat: Chunk             |       |     3 ||     3
Armor: Scale mail        |    61 |    48 ||   109
Dodge: Dodged            |    47 |    29 ||    76
Block: Shield            |    74 |    54 ||   128

Table legend:
 A = Non-vault XP
 B = Vault XP
 C = Vault XP percentage of total XP
 D = Non-vault monster count
 E = Vault monster count
 F = Vault count percentage of total count
                 A         B        C        D         E       F
            +---------+---------+-------+---------+---------+-------
      Total |     127 |      79 |  38.3 |      45 |      20 |  30.8
            +---------+---------+-------+---------+---------+-------
        D:1 |      26 |       0 |   0.0 |      17 |       0 |   0.0
        D:2 |      73 |      79 |  52.0 |      25 |      20 |  44.4
        D:3 |      28 |       0 |   0.0 |       3 |       0 |   0.0
            +---------+---------+-------+---------+---------+-------
